 Dungeon Crawl Stone Soup version 0.29.1-14-g9c671dbff4 (webtiles) character file.

Game seed: 9551353959901612231

234 linchpin the Insei (level 6, -4/37 HPs)
             Began as a Gargoyle Monk on Feb 20, 2023.
             Was a Priest of Wu Jian.
             Killed by divine providence
             ... invoked by an orc priest
              (12 damage)
             ... on level 4 of the Dungeon.
             The game lasted 00:35:28 (2875 turns).

linchpin the Insei (Gargoyle Monk)                  Turns: 2875, Time: 00:35:28

Health: -4/37      AC: 11    Str: 14    XL:     6   Next: 5%
Magic:  6/6        EV: 12    Int: 11    God:    Wu Jian [***...]
Gold:   155        SH:  0    Dex: 14    Spells: 5/5 levels left

rFire   + . .      SeeInvis .     - Unarmed
rCold   + . .      Faith    .   (no shield)
rNeg    + . .      Spirit   .   l - +2 leather armour {rF+}
rPois   ∞          Reflect  .   h - +0 helmet
rElec   +          Harm     .   (no cloak)
rCorr   .          Rampage  .   H - +0 pair of gloves
Will    .....                   (no boots)
Stlth   ++........              (no amulet)
HPRegen 0.12/turn               g - ring of protection from cold
MPRegen 0.10/turn               s - ring of wizardry

@: no status effects
A: sickness immunity, AC +4, negative energy resistance 1, electricity
resistance, torment resistance 1, petrification resistance
a: Renounce Religion, Wall Jump, Serpent's Lash


You were on level 4 of the Dungeon.
You worshipped Wu Jian.
Wu Jian was most pleased with you.
You visited 2 branches of the dungeon, and saw 5 of its levels.

You collected 155 gold pieces.

Inventory:

Hand Weapons
 b - a +1 dagger of speed
 y - a +0 sling
 z - a +0 dagger
 A - a +3 spear of flaming
Missiles
 c - 40 stones (quivered)
 F - a throwing net
Armour
 a - a +0 robe
 e - a +0 ring mail
 h - a +0 helmet (worn)
 j - a +0 leather armour
 k - a +0 chain mail
 l - a +2 leather armour of fire resistance (worn)
 B - a +0 animal skin
 H - a +0 pair of gloves (worn)
Magical Staves
 i - a staff of air
Jewellery
 g - a ring of protection from cold (left hand)
 n - a ring of fire
 r - a ring of fire
 s - a ring of wizardry (right hand)
Scrolls
 d - 3 scrolls of identify {unknown}
 f - 2 scrolls of summoning {unknown}
 m - 2 scrolls of fear {unknown}
 o - 2 scrolls of amnesia {unknown}
 p - 2 scrolls of noise {unknown}
 u - a scroll of magic mapping {unknown}
 w - a scroll of immolation {unknown}
 x - 2 scrolls of enchant armour {unknown}
 G - a scroll of torment {unknown}
Potions
 q - a potion of magic {unknown}
 t - a potion of mutation {unknown}
 v - 2 potions of heal wounds
 C - a potion of lignification {unknown}
 D - a potion of brilliance {unknown}
 E - a potion of might {unknown}


   Skills:
 + Level 3.6 Fighting
 + Level 0.8 Ranged Weapons
 + Level 1.6 Armour
 + Level 3.5 Dodging
 + Level 3.1 Stealth
 + Level 4.7 Unarmed Combat


You had 5 spell levels left.
You didn't know any spells.
Your spell library contained the following spells:

 Spells                   Type           Power      Damage    Failure   Level
 Inner Flame              Hex/Fire       0%         N/A       45%         3
 Cause Fear               Hex            0%         N/A       83%         4
 Discord                  Hex            0%         N/A       100%        8


Dungeon Overview and Level Annotations

Branches:
Dungeon (4/15)             Temple (1/1) D:4

Altars:
Elyvilon
Fedhas
Gozag
Nemelex Xobeh
Okawaru
Qazlal
Sif Muna
Vehumet
Wu Jian
Yredelemnul
Zin


Innate Abilities, Weirdness & Mutations

You are immune to sickness and miasma.
Your stone body is resilient. (AC +4)
You are immune to poison.
You resist negative energy. (rN+)
You are resistant to electric shocks. (rElec)
You are resistant to unholy torment.
You are immune to petrification.


Message History

Found a radiant altar of Vehumet and a blossoming altar of Fedhas.
Found an opulent altar of Gozag.
Found a sparkling altar of Nemelex Xobeh.
Found a white marble altar of Elyvilon.
Found a shimmering blue altar of Sif Muna.
Found a basalt altar of Yredelemnul.
Found a stormy altar of Qazlal.
There is a staircase back to the Dungeon here.
You climb upwards.
Welcome back to the Dungeon!
There is a staircase to the Ecumenical Temple here.
An orc priest comes into view.
It is wielding a +2 falchion of holy wrath.
An orc priest and an orc come into view.
The orc priest shouts!
The orc shouts!
You hear a shout!
A kobold comes into view. It is wielding a +0 short sword.
The orc priest looks braver for a moment.
The orc priest barely misses you.
You closely miss the orc priest.
You punch the orc priest, but do no damage.
You hit the orc priest but do no damage.
The orc misses you. The orc priest hits you with a +0 club.
You hit the orc.
The orc is heavily wounded.
The orc priest calls down the wrath of Beogh upon you.
Beogh smites you! The orc priest closely misses you.
The orc priest attacks as you move away!
The orc priest hits you but does no damage.
The orc priest calls upon Beogh to heal the orc.
The orc's wounds heal themselves!
You hit the orc but do no damage. The orc hits you but does no damage.
You barely miss the orc. The orc hits you but does no damage.
You hit the orc.
The orc is moderately wounded.
The orc hits you but does no damage.
The orc priest invokes the aid of Beogh against you.
Beogh smites you!
* * * LOW HITPOINT WARNING * * *
The orc priest looks braver for a moment.
The orc priest calls down the wrath of Beogh upon you.
Beogh smites you!
You die...

#.≈≈≈≈≈≈...≈
##.≈≈≈≈≈≈≈≈≈≈
##...≈≈≈≈≈≈≈≈≈
#####......≈≈≈≈≈≈≈
#.....#......≈≈≈≈≈
#.###.#...........
#.# #.......#####.
##.###.#######
#.@....# #.######
####o####
#...Ko.o#
#.##o...# #
..###.# #.#. .# #
#. # ##


You could see an orc priest, an orc and a kobold.

Vanquished Creatures
  A necrophage (D:3)
  Jessica (D:3)
  Robin (D:3)
  3 gnolls (D:3)
  An adder (D:2)
  A white imp (D:3)
  An ufetubus (D:4)
  A worm (D:2)
  A dart slug (D:1)
  6 ball pythons
  3 endoplasms
  2 giant cockroaches (D:2)
  17 goblins
  9 hobgoblins
  2 jackals (D:1)
  7 kobolds
  5 quokkas
  4 bats (D:3)
  7 frilled lizards
  3 rats
76 creatures vanquished.

Vanquished Creatures (others)
  A fungus (D:3)
1 creature vanquished.

Grand Total: 77 creatures vanquished

Notes
Turn   | Place    | Note
-------+----------+-------------------------------------------
     0 | D:1      | linchpin the Gargoyle Monk began the quest for the Orb.
     0 | D:1      | Reached XP level 1. HP: 14/14 MP: 1/1
   412 | D:1      | Reached XP level 2. HP: 16/19 MP: 2/2
   898 | D:1      | Reached XP level 3. HP: 19/23 MP: 3/3
   954 | D:1      | Found a faded altar of an unknown god.
   963 | D:1      | Prayed at the altar of an unknown god.
   963 | D:1      | Became a worshipper of the Wu Jian Council
   963 | D:1      | Reached * piety under Wu Jian
   963 | D:1      | Reached ** piety under Wu Jian
  1074 | D:2      | Found a sparkling altar of Nemelex Xobeh.
  1272 | D:2      | Reached *** piety under Wu Jian
  1957 | D:3      | Noticed a necrophage
  1963 | D:3      | Found an ornate altar of the Wu Jian Council.
  1980 | D:3      | Reached XP level 4. HP: 28/28 MP: 4/4
  2023 | D:3      | Killed a necrophage
  2024 | D:3      | Reached skill level 4 in Unarmed Combat
  2024 | D:3      | Reached XP level 5. HP: 31/32 MP: 5/5
  2152 | D:3      | Noticed Robin
  2160 | D:3      | Noticed Jessica
  2166 | D:3      | Reached skill level 1 in Armour
  2193 | D:3      | Killed Robin
  2203 | D:3      | Killed Jessica
  2226 | D:3      | Found a glowing silver altar of Zin.
  2456 | D:3      | Reached XP level 6. HP: 10/37 MP: 6/6
  2693 | D:3      | Found an iron altar of Okawaru.
  2769 | D:4      | Found a staircase to the Ecumenical Temple.
  2803 | Temple   | Entered the Ecumenical Temple
  2875 | D:4      | Killed from afar by an orc priest

Illustrated notes

Levels and vault maps discovered:
D:1:      psy_arrival_spokes, layout_basic, ebering_ecumenical_altar_ruins
D:2:      minmay_razor_zed, layout_basic, basic_altar
D:3:      layout_basic, nicolae_wu_jian_wuxing_cycle, zin_statuary,
          okawaru_ov_weapons_minmay, uniq_crazy_yiuf_cottage, uniq_jessica,
          uniq_robin
D:4:      layout_loops_cross, temple_pool_b, gammafunk_ghost_mausoleum,
          uniq_menkaure, uniq_grinder, uniq_edmund
Temple:   hellmonk_temple_forest_ring

Skill      XL: |  1  2  3  4  5 |
---------------+----------------+-----
Dodging        | 3 |  3.5
Unarmed Combat | 4 |  4.7
Stealth        | 3 |  3.1
Armour         | 1 |  1.6
Fighting       | |  3.6
Ranged Weapons | |  0.8

Action                   |  1- 3 |  4- 6 || total
-------------------------+-------+-------++-------
Melee: Unarmed           |   133 |   158 ||   291
       Punch             |     4 |     9 ||    13
 Fire: Sling             |       |     3 ||     3
Throw: Stone             |     3 |     1 ||     4
Invok: Lunge             |     5 |     6 ||    11
       Whirlwind         |     1 |     5 ||     6
  Use: Potion            |       |     1 ||     1
 Stab: Sleeping          |     6 |     3 ||     9
Armor: Robe              |    15 |       ||    15
       Leather armour    |    15 |    70 ||    85
Dodge: Dodged            |    56 |    94 ||   150
